 Dungeon Crawl Stone Soup version 0.27.1-34-g3ba077fa99 (webtiles) character file.

Game seed: 4706010853657585144

8 cbfl8 the Sneak (level 2, 0/27 HPs)
             Began as a Minotaur Delver on Jan 27, 2022.
             Slain by a bullfrog skeleton (5 damage)
             ... on level 4 of the Dungeon.
             The game lasted 00:00:32 (309 turns).

cbfl8 the Sneak (Minotaur Delver)                    Turns: 309, Time: 00:00:33

Health: 0/27       AC:  3    Str: 16    XL:     2   Next: 0%
Magic:  1/1        EV: 11    Int:  7    God:
Gold:   0          SH:  0    Dex: 11    Spells: 1/1 levels left

rFire    . . .     SeeInvis .   a - +0 hand axe
rCold    . . .     Faith    .   (no shield)
rNeg     . . .     Spirit   .   b - +0 leather armour
rPois    .         Reflect  .   (helmet restricted)
rElec    .         Harm     .   (no cloak)
rCorr    .         Rampage  .   (no gloves)
Will     .....                  (no boots)
Stlth    ++........             (no amulet)
HPRegen  0.09/turn              (no ring)
MPRegen  0.07/turn              (no ring)

@: no status effects
A: horns 2, retaliatory headbutt
a: no special abilities


You were on level 4 of the Dungeon.
You visited 1 branch of the dungeon, and saw 2 of its levels.

Inventory:

Hand Weapons
 a - a +0 hand axe (weapon)
Armour
 b - a +0 leather armour (worn)
Wands
 g - a wand of digging (3)
Scrolls
 c - a scroll of fog
 d - a scroll of magic mapping
 i - a scroll of immolation {unknown}
Potions
 f - a potion of haste
 h - a potion of brilliance {unknown}


   Skills:
 + Level 3.9 Fighting
 + Level 2.5 Axes
 + Level 0.1 Armour
 + Level 2.2 Dodging
 + Level 4.3 Stealth


You had one spell level left.
You didn't know any spells.
Your spell library contained the following spells:

 Spells                   Type           Power      Damage    Failure   Level
 Shock                    Conj/Air       0%         1d3       50%         1
 Swiftness                Air            0%         N/A       86%         3
 Airstrike                Air            0%         N/A       99%         4


Dungeon Overview and Level Annotations

Branches:
Dungeon (5/15)
 Temple: D:4-7

Altars:


Innate Abilities, Weirdness & Mutations

You have a pair of horns on your head.
You reflexively headbutt those who attack you in melee.


Message History

The ufetubus barely misses you. The ufetubus closely misses you.
The ufetubus misses you.
There is a stone staircase leading down here.
The iguana hisses angrily.
You hit the ufetubus.
You kill the ufetubus!
The bullfrog skeleton hits you.
You barely miss the hobgoblin. You headbutt the hobgoblin.
The hobgoblin is almost dead.
You hit the bullfrog skeleton. The hobgoblin closely misses you.
You furiously retaliate!
You headbutt the hobgoblin, but do no damage.
The bullfrog skeleton barely misses you.
The hobgoblin hits you.
You barely miss the hobgoblin.
The hobgoblin is severely wounded.
You barely miss the bullfrog skeleton.
The bullfrog skeleton hits you but does no damage.
The hobgoblin barely misses you.
Unknown command.
You barely miss the hobgoblin. You headbutt the hobgoblin.
You kill the hobgoblin!
You hit the bullfrog skeleton. The bullfrog skeleton misses you.
The bullfrog skeleton closely misses you.
A hobgoblin comes into view.
You have reached level 2!
As you read the scroll of fear, it crumbles to dust.
You assume a fearsome visage.
The bullfrog skeleton is unaffected.
The hobgoblin looks frightened!
The iguana looks frightened!
The bullfrog skeleton hits you but does no damage.
The bullfrog skeleton hits you. x2
* * * LOW HITPOINT WARNING * * *
You hit the bullfrog skeleton.
The bullfrog skeleton is moderately damaged.
The bullfrog skeleton closely misses you.
You hit the bullfrog skeleton.
The bullfrog skeleton is heavily damaged.
The bullfrog skeleton barely misses you.
The bullfrog skeleton hits you.
You die...

#.#........
..........
#......... #
#......... ... ..
....... ... ...
#.... .... .... #..#
.....
.....##..######.....
.......Z@...........
........>...........
..#....##...........
#l... #...........
#.............##.#
#.............# #
#.............#
#.............#
#.............#


You could see an iguana (fleeing) and a bullfrog skeleton.

Vanquished Creatures
  An ufetubus (D:4)
  An endoplasm (D:4)
  A hobgoblin (D:4)
3 creatures vanquished.

Vanquished Creatures (others)
  4 fungi (D:4)
  4 plants (D:4)
8 creatures vanquished.

Grand Total: 11 creatures vanquished

Notes
Turn   | Place    | Note
-------+----------+-------------------------------------------
     0 | D:5      | cbfl8 the Minotaur Delver began the quest for the Orb.
     0 | D:5      | Reached XP level 1. HP: 19/19 MP: 0/0
    46 | D:5      | Noticed an orc priest
   298 | D:4      | Noticed an iguana
   306 | D:4      | Reached XP level 2. HP: 12/27 MP: 1/1
   309 | D:4      | Slain by a bullfrog skeleton

Illustrated notes

Levels and vault maps discovered:
D:4:      layout_basic, fedhas_altar_3
D:5:      layout_loops_ring, lemuel_round_altar

Action                   || total
-------------------------++-------
Melee: Hand axe          ||     9
       Headbutt          ||     3
  Use: Scroll            ||     1
Armor: Leather armour    ||     2
Dodge: Dodged            ||    14
